 Dungeon Crawl Stone Soup version 0.17-a0-1174-ge06b3cc (webtiles) character file.

549 Hanyuu the Insei (level 7, -1/45 HPs)
             Began as an Octopode Transmuter on May 29, 2015.
             Was an Initiate of Makhleb.
             Slain by an ogre
             ... wielding a +0 giant club
              (29 damage)
             ... on level 4 of the Dungeon.
             The game lasted 00:09:26 (4292 turns).

Hanyuu the Insei (Octopode Transmuter)              Turns: 4292, Time: 00:09:26

Health: -1/45      AC:  1    Str: 10    XL:     7   Next: 28%
Magic:  7/10       EV: 12    Int: 17    God:    Makhleb [......]
Gold:   181        SH:  0    Dex: 12    Spells: 3 memorised, 4 levels left

rFire  . . .     SeeInvis .       - Unarmed
rCold  . . .     Clarity  .     (no shield)
rNeg   . . .     SustAt   .     (helmet restricted)
rPois  +         Gourm    .     (no amulet)
rElec  .         Spirit   .     u - ring of poison resistance
rCorr  .         Warding  .     (no ring)
rMut   .         Stasis   .     (no ring)
MR     .....                    (no ring)
Stlth  ++........               (no ring)
                                (no ring)
                                (no ring)
                                (no ring)

@: not resistant to hostile enchantments, unstealthy
A: almost no armour, amphibious, 8 rings, constrict 8, camouflage 1, gelatinous
body 1
a: Renounce Religion


You were on level 4 of the Dungeon.
You worshipped Makhleb.
Makhleb was noncommittal.
You were hungry.

You visited 2 branches of the dungeon, and saw 5 of its levels.

You collected 181 gold pieces.

Inventory:

Hand weapons
 g - a +2 whip of pain
Missiles
 a - 34 arrows
 t - 31 poisoned needles
Jewellery
 u - a ring of poison resistance (left tentacle)
Scrolls
 e - 3 scrolls of remove curse {unknown}
 h - 6 scrolls of identify {unknown}
 l - a scroll of magic mapping {unknown}
 m - 2 scrolls of noise {unknown}
 p - a scroll of enchant weapon {unknown}
 q - a scroll of recharging {unknown}
 s - a scroll of fog {unknown}
Potions
 d - 3 potions of heal wounds {unknown}
 i - 3 potions of curing {unknown}
 o - a potion of brilliance {unknown}
 r - a potion of might {unknown}
Books
 b - a book of Changes

   Spells                             Type                      Level
   a - Beastly Appendage              Transmutation                1
   b - Sticks to Snakes               Transmutation                2
   c - Spider Form                    Transmutation/Poison         3
   d - Ice Form                       Ice/Transmutation            4
   e - Blade Hands                    Transmutation                5
Comestibles
 c - 5 bread rations
 f - 4 fruits
 j - 2 meat rations
 n - a royal jelly


   Skills:
 + Level 2.2 Fighting
 - Level 2.0 Dodging
 * Level 7.0 Unarmed Combat
 - Level 2.0 Spellcasting
 + Level 3.9 Transmutations


You had 4 spell levels left.
You knew the following spells:

 Your Spells              Type           Power        Failure   Level  Hunger
a - Beastly Appendage     Trmt           ###...       4%          1    #......
b - Sticks to Snakes      Trmt           ###.......   10%         2    ###....
c - Spider Form           Trmt/Pois      #.........   30%         3    ###....


Dungeon Overview and Level Annotations

Branches:
Dungeon (4/15)             Temple (1/1) D:4

Altars:
Dithmenos
Fedhas
Gozag
Kikubaaqudgha
Makhleb
Sif Muna
Xom
Zin
The Shining One


Innate Abilities, Weirdness & Mutations

You cannot wear most types of armour.
You are amphibious.
You can wear up to eight rings at the same time.
You can use your tentacles to constrict eight enemies at once.
Your skin changes colour to match your surroundings (Stealth).
Your rubbery body absorbs attacks (AC +1).


Message History

Confirm with . or Enter, or press ? or * to list all spells.
You turn into a venomous arachnid creature.
The ogre closely misses you.
Your transformation is almost over.
You bite the ogre!
You kill the ogre!
Makhleb accepts your kill.
Your Unarmed Combat skill increases to level 7!
Unknown command.
You bite the ogre!
The ogre is poisoned.
The ogre is moderately wounded.
The ogre completely misses you.
You hit the ogre.
The ogre looks even sicker.
The ogre is moderately wounded.
Your transformation has ended.
You tentacle-slap the ogre.
The ogre is heavily wounded.
The ogre hits you with a giant club!!
Ouch! That really hurt!
You die...

.♣
###......#.......#.#......#
.##
#.#.##.#.......#.#......#
).#
#.#.##.#.......#........##
..#
#.#.##.#.......###........
.)# #.#.##.....#####
#........ ###
#..>..........# #........
#############.# ##..###..
########'## #..# #..
#..O@.....# #..# #..
#..######## #..# #.. #..#
.......#.. #.)# .......#..
#..# # .......#.. #..# .#
.......#.. #..#
..##.......#..
#..###'###........###
#....O............


You could see an ogre.

Vanquished Creatures
  Menkaure (D:4)
  An ogre (D:4)
  A crimson imp (D:3)
  Crazy Yiuf (D:4)
  An orc wizard (D:3)
  A worker ant (D:4)
  7 adders
  7 gnolls
  An ooze (D:3)
  A worm (D:2)
  3 giant geckos
  5 orcs (D:3)
  5 bats
  4 giant cockroaches
  13 goblins
  11 hobgoblins
  4 quokkas
  A giant newt (D:1)
  2 jackals (D:1)
  11 kobolds
  5 rats
86 creatures vanquished.

Notes
Turn   | Place    | Note
--------------------------------------------------------------
     0 | D:1      | Hanyuu the Octopode Transmuter began the quest for the Orb.
     0 | D:1      | Reached XP level 1. HP: 13/13 MP: 3/3
   367 | D:1      | Reached XP level 2. HP: 11/18 MP: 3/5
  1044 | D:1      | Reached skill level 4 in Unarmed Combat
  1320 | D:1      | Reached XP level 3. HP: 1/23 MP: 6/6
  1957 | D:2      | Learned a level 2 spell: Sticks to Snakes
  1961 | D:2      | Learned a level 3 spell: Spider Form
  2073 | D:2      | Reached XP level 4. HP: 28/28 MP: 7/7
  2144 | D:2      | Reached skill level 5 in Unarmed Combat
  2201 | D:2      | Reached XP level 5. HP: 28/33 MP: 8/8
  3364 | D:3      | Reached skill level 6 in Unarmed Combat
  3364 | D:3      | Reached XP level 6. HP: 34/38 MP: 9/9
  3517 | D:3      | Found a glowing golden altar of the Shining One.
  3713 | D:4      | Found a staircase to the Ecumenical Temple.
  3739 | D:4      | Noticed Menkaure
  3747 | D:4      | Killed Menkaure
  3812 | Temple   | Entered the Ecumenical Temple
  3838 | Temple   | Became a worshipper of Makhleb the Destroyer
  3880 | D:4      | Noticed Crazy Yiuf
  3891 | D:4      | Killed Crazy Yiuf
  3891 | D:4      | Reached XP level 7. HP: 12/45 MP: 4/10
  4285 | D:4      | Reached skill level 7 in Unarmed Combat
  4292 | D:4      | Slain by an ogre

Vault maps used:
D:1:      dpeg_arrival_morbid_curiosity, minmay_misc_feat_chi
D:2:      first_bread
D:3:      tso_oasis_becter
D:4:      serial_shops, kennysheep_little_box, nicolae_dithmenos_shadow_blocks,
          uniq_crazy_yiuf_cottage, uniq_robin, uniq_menkaure
Temple:   circular_temple_12

Action                   |  1- 3 |  4- 6 |  7- 9 || total
-------------------------+-------+-------+-------++-------
Melee: Unarmed           |    40 |   145 |     7 ||   192
       Whip              |    30 |       |       ||    30
 Cast: Beastly Appendage |     1 |     2 |       ||     3
       Spider Form       |       |     5 |     2 ||     7
 Stab: Sleeping          |     2 |     7 |       ||     9
  Eat: Chunk             |     3 |     7 |     1 ||    11
